 Dungeon Crawl Stone Soup version 0.22.0-38-g04b72b8c25 (webtiles) character file.

671 Kaderl the Bolt Thrower (level 7, -1/55 HPs)
             Began as a Human Hunter on Aug 26, 2018.
             Slain by a mummy (15 damage)
             ... in an ossuary.
             The game lasted 00:23:09 (3077 turns).

Kaderl the Bolt Thrower (Human Hunter)              Turns: 3077, Time: 00:23:10

Health: -1/55      AC:  3    Str: 13    XL:     7   Next: 89%
Magic:  7/7        EV: 13    Int: 11    God:
Gold:   260        SH:  0    Dex: 15    Spells: 6/6 levels left

rFire    . . .     SeeInvis .   b - +0 short sword
rCold    . . .     Gourm    .   (no shield)
rNeg     . . .     Faith    .   c - +0 leather armour
rPois    .         Spirit   .   (no helmet)
rElec    .         Reflect  .   (no cloak)
rCorr    .         Harm     .   (no gloves)
MR       .....                  (no boots)
Stlth    ++........             (no amulet)
HPRegen  0.18/turn              (no ring)
MPRegen  0.10/turn              (no ring)

@: no status effects
A: no striking features
a: no special abilities


You were in an ossuary.
You were not hungry.

You visited 1 branch of the dungeon, and saw 4 of its levels.
You also visited: Ossuary.

You collected 260 gold pieces.

Inventory:

Hand Weapons
 a - a +1 hand crossbow
 b - a +0 short sword (weapon)
Armour
 c - a +0 leather armour (worn)
Jewellery
 g - an uncursed ring of wizardry {unknown}
Scrolls
 j - 3 scrolls of identify
 q - a scroll of teleportation
Potions
 e - a potion of might {unknown}
 h - a potion of magic {unknown}
 i - a potion of berserk rage {unknown}
 l - a potion of haste {unknown}
 m - 2 potions of cancellation {unknown}
 o - a potion of degeneration {unknown}
 p - a potion of agility {unknown}
 r - a potion of curing {unknown}
 s - a potion of resistance {unknown}
Comestibles
 f - 3 rations


   Skills:
 * Level 4.4 Fighting
 * Level 3.2 Short Blades
 + Level 6.0 Crossbows
 + Level 2.0 Armour
 * Level 3.3 Dodging
 + Level 1.5 Stealth


You had 6 spell levels left.
You didn't know any spells.
Your spell library contained the following spells:

 Spells                   Type           Power        Failure   Level  Hunger
 Magic Dart               Conj           #...         41%         1    ##.....
 Blink                    Tloc           N/A          56%         2    ###....
 Call Imp                 Summ           #.......     56%         2    ###....
 Slow                     Hex            #.......     56%         2    ###....
 Conjure Flame            Conj/Fire      #.......     80%         3    ####...
 Mephitic Cloud           Conj/Pois/Air  #.......     80%         3    ####...


Dungeon Overview and Level Annotations

Branches:
Dungeon (4/15)
 Temple: D:4-7

Altars:
Dithmenos
Gozag
Hepliaklqana
Makhleb

Annotations:
D:2 Sigmund


Message History

The mummy is heavily damaged.
You hit the mummy.
The mummy is heavily damaged.
The mummy hits you but does no damage.
You hit the mummy.
The mummy is severely damaged.
You hit the mummy.
The mummy is severely damaged.
The mummy hits you.
* * * LOW HITPOINT WARNING * * *
You hit the mummy.
The mummy is almost destroyed.
You hit the mummy.
The mummy is almost destroyed.
The mummy hits you.
* * * LOW HITPOINT WARNING * * *
You hit the mummy but do no damage.
The mummy is almost destroyed.
The mummy hits you!
You die...

'. '≈≈ +.+ #.
#≈#####.### (.
#.#...#.'.# ###M
#.#...'.### .(.
#.#...#.'.#
###(#####.#####.###
#.((M.(.(.(.(((M'(#
###'#'#'#'#'#'#M###
#.#.#.#.#.#.#@#
###############


You could see 2 mummies.

Vanquished Creatures
  A water moccasin zombie (Ossuary)
  A howler monkey (D:4)
  3 centaur zombies (Ossuary)
  An orc priest (D:4)
  2 orc wizards (D:4)
  A worker ant (D:4)
  4 hound zombies (Ossuary)
  A hound skeleton (D:4)
  10 mummies (Ossuary)
  A worker ant zombie (Ossuary)
  2 gnolls
  5 adders
  An ooze (D:3)
  3 adder zombies (Ossuary)
  2 leopard geckos (D:2)
  11 orcs
  2 giant cockroaches (D:1)
  7 goblins
  11 hobgoblins
  3 jackals
  7 kobolds
  A quokka (D:3)
  2 ball pythons
  5 bats
  5 frilled lizards
  A leopard gecko zombie (Ossuary)
  6 rats
99 creatures vanquished.

Vanquished Creatures (others)
  A withered plant (Ossuary)
1 creature vanquished.

Grand Total: 100 creatures vanquished

Notes
Turn   | Place    | Note
-------+----------+-------------------------------------------
     0 | D:1      | Kaderl the Human Hunter began the quest for the Orb.
     0 | D:1      | Reached XP level 1. HP: 16/16 MP: 1/1
     3 | D:1      | Noticed a tengu
     3 | D:1      | Noticed a demigod
     5 | D:1      | Noticed a dwarf
     5 | D:1      | Noticed a ghoul
     7 | D:1      | Noticed a spriggan
     7 | D:1      | Noticed a centaur
     9 | D:1      | Noticed a minotaur
    11 | D:1      | Noticed a felid
    11 | D:1      | Noticed a human
    13 | D:1      | Noticed a gargoyle
    13 | D:1      | Noticed a halfling
    15 | D:1      | Noticed a merfolk
    15 | D:1      | Noticed a troll
    17 | D:1      | Noticed a naga
    17 | D:1      | Noticed an octopode
    19 | D:1      | Noticed an elf
    21 | D:1      | Noticed a vampire
    21 | D:1      | Noticed an ogre
    23 | D:1      | Noticed a draconian
    25 | D:1      | Noticed a formicid
    27 | D:1      | Noticed a demonspawn
    27 | D:1      | Noticed a vine stalker
   110 | D:1      | Reached XP level 2. HP: 15/22 MP: 2/2
   557 | D:1      | Reached XP level 3. HP: 11/27 MP: 3/3
  1070 | D:2      | Reached skill level 1 in Short Blades
  1131 | D:2      | Reached XP level 4. HP: 32/33 MP: 4/4
  1261 | D:2      | Reached skill level 1 in Armour
  1399 | D:2      | Noticed Sigmund
  1463 | D:3      | Found a shadowy altar of Dithmenos.
  1553 | D:3      | Found a burning altar of Makhleb.
  1948 | D:3      | Reached XP level 5. HP: 19/39 MP: 5/5
  2055 | D:3      | Found a hazy altar of Hepliaklqana.
  2325 | D:4      | Found an opulent altar of Gozag.
  2344 | D:4      | Reached skill level 5 in Crossbows
  2344 | D:4      | Reached XP level 6. HP: 38/46 MP: 6/6
  2511 | D:4      | Found a sand-covered staircase.
  2530 | Ossuary  | Entered an ossuary
  2579 | Ossuary  | Reached XP level 7. HP: 20/52 MP: 7/7
  3012 | Ossuary  | Reached skill level 6 in Crossbows
  3077 | Ossuary  | Slain by a mummy

Skill      XL: |  1  2  3  4  5  6  7 |
---------------+----------------------+-----
Short Blades   | 1 2 3 |  3.2
Armour         | 1 2 |  2.0
Crossbows      | 5 6 |  6.0
Fighting       | 3 4 |  4.4
Dodging        | 3 |  3.3
Stealth        | |  1.5

Action                   |  1- 3 |  4- 6 |  7- 9 || total
-------------------------+-------+-------+-------++-------
Melee: Short sword       |    93 |   101 |    29 ||   223
 Fire: Hand crossbow     |    19 |   108 |    92 ||   219
  Use: Scroll            |     2 |     2 |     3 ||     7
       Potion            |       |     3 |     1 ||     4
 Stab: Sleeping          |     4 |     4 |       ||     8
  Eat: Ration            |     1 |     1 |       ||     2
Armor: Leather armour    |    32 |    30 |     9 ||    71
Dodge: Dodged            |    82 |   122 |    52 ||   256
